 Dungeon Crawl Stone Soup version 0.31-a0-246-g8cbcc1cb85 (webtiles) character file.

Game seed: 17346187463521804807

119 Anon1729 the Trooper (level 4, -18/40 HPs)
             Began as a Minotaur Monk on July 12, 2023.
             Demolished by an ogre
             ... wielding a +0 giant spiked club
              (31 damage)
             ... on level 5 of the Dungeon.
             The game lasted 00:01:27 (2565 turns).

Anon1729 the Trooper (Minotaur Monk)                Turns: 2565, Time: 00:01:28

Health: -18/40     AC:  3    Str: 15    XL:     4   Next: 73%
Magic:  3/3        EV: 13    Int:  7    God:
Gold:   85         SH:  0    Dex: 15    Spells: 3/3 levels left

rFire   + . .        k - +2 dagger (speed)
rCold   . . .        d - orb {light}
rNeg    . . .        b - +0 robe
rPois   .            (helmet restricted)
rElec   .            (no cloak)
rCorr   .            (no gloves)
SInv    .            r - +0 pair of boots
Will    .....        (no amulet)
Stlth   +            q - ring of protection from fire
HPRegen 0.26/turn    (no ring)
MPRegen 0.08/turn

%: no passive effects
@: glowing
A: horns 2, retaliatory headbutt
a: no special abilities


You were on level 5 of the Dungeon.
You visited 1 branch of the dungeon, and saw 5 of its levels.

You collected 85 gold pieces.

Inventory:

Hand Weapons
 a - a +0 short sword
 k - a +2 dagger of speed (weapon)
Missiles
 s - 2 curare-tipped darts
Armour
 b - a +0 robe (worn)
 d - an orb of light (worn)
 r - a +0 pair of boots (worn)
Jewellery
 q - a ring of protection from fire (left hand)
Wands
 l - a wand of polymorph (9)
 o - a wand of quicksilver (3)
Scrolls
 e - 3 scrolls of identify {unknown}
 g - 2 scrolls of revelation {unknown}
 i - 4 scrolls of amnesia {unknown}
 n - 2 scrolls of immolation {unknown}
Potions
 c - 3 potions of ambrosia
 f - a potion of invisibility {unknown}
 h - 2 potions of curing {unknown}
 j - a potion of lignification {unknown}
 m - 3 potions of might {unknown}
 p - 2 potions of enlightenment {unknown}
 t - 2 potions of mutation {unknown}


   Skills:
 + Level 4.2 Fighting
 + Level 3.8 Short Blades
 + Level 1.5 Ranged Weapons
 + Level 1.9 Armour
 + Level 3.8 Dodging
 + Level 1.1 Stealth
 + Level 1.3 Invocations


You had 3 spell levels left.
You didn't know any spells.
Your spell library contained the following spells:

 Spells                   Type           Power      Damage    Failure   Level
 Cigotuvi's Dreadful Rot  Necr/Pois/Air  0%         N/A       56%         2
 Ignite Poison            Fire/Tmut/Pois 0%         N/A       80%         3
 Freezing Cloud           Conj/Ice/Air   0%         6-21      100%        5


Dungeon Overview and Level Annotations

Branches:
Dungeon (5/15)
 Temple: D:4-7

Altars:
Sif Muna

Annotations:
D:4 Pikel


Innate Abilities, Weirdness & Mutations

You have a pair of horns on your head.
You reflexively headbutt those who attack you in melee.


Message History

You hit the ogre. You headbutt the ogre.
The ogre is moderately wounded.
The ogre hits you with a +0 giant spiked club!!
Ouch! That really hurt!
You are too injured to fight recklessly!
You are too injured to fight recklessly!
You are too injured to fight recklessly!
You are too injured to fight recklessly!
You are too injured to fight recklessly!
You are too injured to fight recklessly!
You are too injured to fight recklessly!
You are too injured to fight recklessly!
You are too injured to fight recklessly!
You are too injured to fight recklessly!
You are too injured to fight recklessly!
You are too injured to fight recklessly!
You are too injured to fight recklessly!
You are too injured to fight recklessly!
You are too injured to fight recklessly!
You are too injured to fight recklessly!
You are too injured to fight recklessly!
You are too injured to fight recklessly!
You are too injured to fight recklessly!
You are too injured to fight recklessly!
You are too injured to fight recklessly!
You are too injured to fight recklessly!
You are too injured to fight recklessly!
You are too injured to fight recklessly!
You are too injured to fight recklessly!
You are too injured to fight recklessly!
You hit the ogre.
The ogre is heavily wounded.
You hit the ogre.
The ogre is heavily wounded.
A kobold comes into view.
It is wielding a +0 short sword of flaming.
You hit the ogre.
The ogre is severely wounded.
The ogre hits you with a +0 giant spiked club!!
Ouch! That really hurt!
You die...

#.#.K>....#
##.#.......#
..#..K....^
###..........
#...........#
#.#.#.........#
#.......O.....#
#.@##..#
#.....#
##.##..# #.#
.#.# #.#
.#.####
#.##.......
#....#.##
#.......# #
#.##.#..#


You could see an ogre and 2 kobolds.

Vanquished Creatures
  A lemure (D:4)
  A hound (D:5)
  2 adders (D:3)
  A worm (D:2)
  3 dart slugs
  An orc (D:3)
  6 endoplasms (D:1)
  2 giant cockroaches
  4 goblins (D:1)
  4 hobgoblins
  3 jackals (D:1)
  5 kobolds
  3 quokkas
  5 ball pythons
  2 bats (D:1)
  11 frilled lizards
  5 rats
59 creatures vanquished.

Notes
Turn   | Place    | Note
-------+----------+-------------------------------------------
     0 | D:1      | Anon1729 the Minotaur Monk began the quest for the Orb.
     0 | D:1      | Reached XP level 1. HP: 19/19 MP: 0/0
   129 | D:1      | Reached XP level 2. HP: 27/27 MP: 1/1
   443 | D:1      | Reached skill level 1 in Armour
   704 | D:1      | Reached XP level 3. HP: 33/33 MP: 2/2
   831 | D:1      | Reached skill level 4 in Fighting
  1158 | D:1      | Reached skill level 1 in Ranged Weapons
  1364 | D:2      | Found a shimmering blue altar of Sif Muna.
  1715 | D:2      | Reached skill level 1 in Invocations
  2073 | D:3      | Reached XP level 4. HP: 32/40 MP: 3/3
  2363 | D:4      | Noticed a lemure
  2375 | D:4      | Killed a lemure
  2376 | D:4      | Noticed Pikel
  2380 | D:4      | Noticed a lemure
  2380 | D:4      | Noticed a lemure
  2385 | D:5      | Entered Level 5 of the Dungeon
  2536 | D:5      | Reached skill level 1 in Stealth
  2561 | D:5      | Noticed an ogre
  2565 | D:5      | Demolished by an ogre

Illustrated notes

Levels and vault maps discovered:
D:1:      pf_arrival_petrified_forest, layout_basic, chequers_mini_garden,
          hangedman_glass_teeth, minmay_lizard_king
D:2:      layout_rooms, basic_altar, minmay_indecisive_spiral
D:3:      layout_rooms
D:4:      layout_cave_pools, gammafunk_temple_overflow_pools, elyvilon_altar_4,
          serial_shops, shop, nicolae_concentric_dashed_squares_mild, uniq_pikel
D:5:      layout_loops_ring, palyth_temple_overflow_mages,
          okawaru_ov_weapons_minmay, mainiacjoe_overflow_surrounded_room,
          roderic_serpentine_path, nicolae_elevator_lobby_asterisk,
          uniq_blork_the_orc

Skill      XL: |  1  2  3  4 |
---------------+-------------+-----
Armour         | 1 |  1.9
Fighting       | 4 |  4.2
Ranged Weapons | 1 |  1.5
Invocations    | 1 |  1.3
Stealth        | 1 |  1.1
Short Blades   | |  3.8
Dodging        | |  3.8

Action                     |  1- 3 |  4- 6 || total
---------------------------+-------+-------++-------
  Melee: Short sword       |    71 |       ||    71
         Headbutt          |    18 |    13 ||    31
         Dagger            |    39 |    38 ||    77
 Armour: Robe              |     8 |     4 ||    12
  Dodge: Dodged            |    45 |    13 ||    58

Table legend: (Time is in decaauts)
 A = Elapsed time spent in this place.
 B = Non-inter-level travel time spent in this place.
 C = Inter-level travel time spent in this place.
 D = Time resting spent in this place.
 E = Time spent auto-exploring this place.
 F = Levels seen in this place.
 G = Mean time per level.
                   A        B        C        D        E       F      G
               +--------+--------+--------+--------+--------+-----+--------+
         Total |   2515 |   2267 |    248 |    137 |   1835 |   5 |  503.0 |
       Dungeon |   2515 |   2267 |    248 |    137 |   1835 |   5 |  503.0 |
               +--------+--------+--------+--------+--------+-----+--------+

Top non-repeatable levels by time:
     D:1: 1320 daAuts
     D:3: 565 daAuts
     D:2: 440 daAuts
     D:5: 173 daAuts
     D:4: 15 daAuts
